 Dungeon Crawl Stone Soup version 0.26-a0-1120-ga1b6d6fda9 (webtiles) character file.

Game seed: 15586657237230904363

158 Murumi the Conjurer (level 5, -2/49 HPs)
             Began as an Ogre Conjurer on Dec 17, 2020.
             Slain by Grinder (8 damage)
             ... while paralysed by Grinder
             ... on level 3 of the Dungeon.
             The game lasted 00:08:25 (3439 turns).

Murumi the Conjurer (Ogre Conjurer)                 Turns: 3439, Time: 00:08:25

Health: -2/49      AC:  3    Str: 12    XL:     5   Next: 39%
Magic:  1/9        EV:  1    Int: 19    God:
Gold:   133        SH:  0    Dex:  7    Spells: 7/10 levels left

rFire    . . .     SeeInvis .   b - +0 club
rCold    . . .     Faith    .   (no shield)
rNeg     . . .     Spirit   .   a - +0 robe
rPois    .         Reflect  .   (helmet restricted)
rElec    .         Harm     .   (no cloak)
rCorr    .         Rampage  .   (gloves unavailable)
Will     .....                  (boots unavailable)
Stlth    ++........             (no amulet)
HPRegen  0.16/turn              f - ring of wizardry
MPRegen  0.11/turn              n - ring of flight

@: paralysed
A: large, unfitting armour, tough skin 1
a: Evoke Flight


You were on level 3 of the Dungeon.
You visited 1 branch of the dungeon, and saw 3 of its levels.

You collected 133 gold pieces.

Inventory:

Hand Weapons
 b - a +0 club (weapon)
 c - a +0 club
Missiles
 d - 74 stones (quivered)
 h - an atropa-tipped dart
 i - 18 poisoned darts
Armour
 a - a +0 robe (worn)
Jewellery
 f - a ring of wizardry (left hand)
 n - a ring of flight (right hand)
Scrolls
 e - a scroll of amnesia
 j - a scroll of fog
 l - 2 scrolls of teleportation
Potions
 g - a potion of magic
 k - a potion of invisibility
 m - a potion of berserk rage {unknown}
 o - a potion of flight {unknown}


   Skills:
 - Level 2.0 Fighting
 - Level 2.0 Maces & Flails
 + Level 2.2 Throwing
 - Level 2.0 Dodging
 - Level 2.0 Stealth
 - Level 3.0 Spellcasting
 - Level 4.0 Conjurations


You had 7 spell levels left.
You knew the following spells:

 Your Spells              Type           Power        Failure   Level
a - Magic Dart            Conj           72%          1%          1
b - Searing Ray           Conj           36%          1%          2

Your spell library contained the following spells:

 Spells                   Type           Power        Failure   Level
 Dazzling Flash           Conj/Hex       20%          9%          3
 Fulminant Prism          Conj/Hex       5%           26%         4
 Iskenderun's Mystic Bla  Conj/Tloc      10%          26%         4


Dungeon Overview and Level Annotations

Branches:
Dungeon (3/15)

Altars:

Annotations:
D:3 Grinder


Innate Abilities, Weirdness & Mutations

You are too large for most types of armour.
You have tough skin. (AC +1)


Message History

Grinder blinks!
Throw: 75 stones
Press: ? - help, Q - select action, (/) - cycle Shift-Dir - straight line, f/p - Grinder
Aim: Grinder (almost dead)
You throw a stone.
The stone hits Grinder but does no damage.
Grinder is almost dead.
Grinder blinks!
You hit Grinder.
Grinder is almost dead.
Grinder hits you.
* * * LOW HITPOINT WARNING * * *
You writhe in agony.
* * * LOW HITPOINT WARNING * * *
You hit Grinder but do no damage.
Grinder is almost dead.
Grinder gestures at you.
You suddenly lose the ability to move!
Grinder hits you!
You die...

...
#......#.#########
.... #......#†#
....##......#.#
..............#
###....##....#
#....##....#
####...^...#
########.....#.#
.((..(.@.....#.#
....(..r5###.#.#
...(.........#.#
...####......# ##
#........
.#####... + +.. #.
..


You could see Grinder and a rat.

Vanquished Creatures
  A phantom (D:3)
  An adder (D:2)
  An ooze (D:1)
  A worm (D:2)
  A dart slug (D:1)
  2 leopard geckos
  3 giant cockroaches (D:1)
  8 goblins
  6 hobgoblins
  5 jackals
  5 bats
  5 frilled lizards
  6 kobolds
  6 rats
51 creatures vanquished.

Vanquished Creatures (others)
  A giant cockroach (D:3)
1 creature vanquished.

Grand Total: 52 creatures vanquished

Notes
Turn   | Place    | Note
-------+----------+-------------------------------------------
     0 | D:1      | Murumi the Ogre Conjurer began the quest for the Orb.
     0 | D:1      | Reached XP level 1. HP: 16/16 MP: 3/3
    81 | D:1      | Reached skill level 4 in Conjurations
    81 | D:1      | Reached XP level 2. HP: 13/24 MP: 0/5
    84 | D:1      | Learned a level 2 spell: Searing Ray
   666 | D:1      | Reached XP level 3. HP: 31/31 MP: 0/7
  1463 | D:2      | Reached skill level 1 in Throwing
  2088 | D:2      | Reached skill level 1 in Maces & Flails
  2088 | D:2      | Reached skill level 1 in Fighting
  2088 | D:2      | Reached XP level 4. HP: 41/41 MP: 5/8
  2611 | D:3      | Noticed a phantom
  2964 | D:3      | Killed a phantom
  2965 | D:3      | Reached XP level 5. HP: 5/49 MP: 1/9
  3417 | D:3      | Noticed Grinder
  3438 | D:3      | Paralysed by Grinder for 4 turns
  3439 | D:3      | Slain by Grinder

Illustrated notes

Levels and vault maps discovered:
D:1:      minmay_arrival_cross, layout_basic
D:2:      layout_basic
D:3:      layout_basic, led_sif_pool, eat_drink_and_be_merry_uskayaw,
          nicolae_overflow_quartered_altars, ebering_ghost_reflecting_pool,
          lemuel_old_faithful, uniq_grinder

Skill      XL: |  1  2  3  4 |
---------------+-------------+-----
Conjurations   | 4 |  4.0
Spellcasting   | 3 |  3.0
Dodging        | 2 |  2.0
Stealth        | 2 |  2.0
Throwing       | 1 2 |  2.2
Maces & Flails | 1 2 |  2.0
Fighting       | 1 2 |  2.0

Action                   |  1- 3 |  4- 6 || total
-------------------------+-------+-------++-------
Melee: Unarmed           |    15 |       ||    15
       Club              |    24 |    27 ||    51
Throw: Stone             |    11 |    24 ||    35
       Dart              |       |     5 ||     5
 Cast: Magic Dart        |    68 |    11 ||    79
       Searing Ray       |     2 |     8 ||    10
  Use: Scroll            |     6 |     1 ||     7
Armor: Robe              |    10 |     6 ||    16
Dodge: Dodged            |    30 |    17 ||    47

Table legend: (Time is in decaauts)
 A = Elapsed time spent in this place.
 B = Non-inter-level travel time spent in this place.
 C = Inter-level travel time spent in this place.
 D = Time resting spent in this place.
 E = Time spent auto-exploring this place.
 F = Levels seen in this place.
 G = Mean time per level.
                   A        B        C        D        E       F      G
               +--------+--------+--------+--------+--------+-----+--------+
         Total |   3455 |   3306 |    149 |    551 |   2374 |   3 | 1151.7 |
       Dungeon |   3455 |   3306 |    149 |    551 |   2374 |   3 | 1151.7 |
               +--------+--------+--------+--------+--------+-----+--------+

Top non-repeatable levels by time:
     D:2: 1707 daAuts
     D:1: 1429 daAuts
     D:3: 318 daAuts
